 Dungeon Crawl Stone Soup version 0.18.1-47-g9310371 (webtiles) character file.

436 Heskey the Skirmisher (level 7, 0/47 HPs)
             Began as a Gargoyle Fighter on June 14, 2016.
             Slain by an ogre
             ... wielding a +0 giant spiked club
              (24 damage)
             ... on level 3 of the Dungeon.
             The game lasted 00:05:30 (2591 turns).

Heskey the Skirmisher (Gargoyle Fighter)            Turns: 2591, Time: 00:05:31

Health: 0/47       AC: 19    Str: 22    XL:     7   Next: 1%
Magic:  7/7        EV:  4    Int:  8    God:
Gold:   124        SH:  9    Dex:  9    Spells: 0 memorised, 6 levels left

rFire  . . .     SeeInvis .     x - +2 morningstar (drain)
rCold  . . .     Gourm    .     e - +0 plate armour
rNeg   + . .     Faith    .     c - +0 shield
rPois  ∞         Spirit   .     (no helmet)
rElec  +         Dismiss  .     i - +1 cloak
rCorr  +         Reflect  .     (no gloves)
SustAt .         Harm     .     (no boots)
MR     .....                    (no amulet)
Stlth  ..........               (no ring)
                                b - ring of resist corrosion

@: not resistant to hostile enchantments, extremely unstealthy
A: negative energy resistance 1, electricity resistance, unbreathing,
petrification resistance, rot immunity, AC +4
a: no special abilities


You were on level 3 of the Dungeon.
You were not hungry.

You visited 1 branch of the dungeon, and saw 3 of its levels.

You collected 124 gold pieces.

Inventory:

Hand Weapons
 x - a +2 morningstar of draining (weapon)
Armour
 c - a +0 shield (worn)
 e - a +0 plate armour (worn)
 i - a +1 cloak (worn)
Jewellery
 b - a ring of resist corrosion (left hand)
Wands
 h - a wand of lightning (5/15)
Scrolls
 d - a scroll of magic mapping
 q - a scroll of remove curse
Potions
 o - a potion of curing
Comestibles
 a - a royal jelly
 f - 2 bread rations
 g - a chunk of flesh
 t - a beef jerky
 u - a meat ration
 w - a slice of pizza


   Skills:
 * Level 6.3 Fighting
 + Level 4.1 Maces & Flails
 + Level 4.9 Armour
 - Level 3.2 Shields


You had 6 spell levels left.
You didn't know any spells.

Dungeon Overview and Level Annotations

Branches:
Dungeon (3/15)

Altars:
Ashenzari
Sif Muna


Innate Abilities, Weirdness & Mutations

You are resistant to torment.
Your stone body is resilient (AC +4).
You are immune to poison.
You resist negative energy.
You are resistant to electric shocks.
You can survive without breathing.
You are immune to petrification.
You are immune to rotting.


Message History

The bat hits you but does no damage.
A bat is nearby!
You block the bat's attack. The bat barely misses you.
The bat barely misses you. The bat hits you but does no damage.
You block the bat's attack. The bat hits you but does no damage.
An ogre comes into view. It is wielding a giant spiked club.
The bat hits you but does no damage.
You hit the bat.
The bat is severely wounded.
You block the bat's attack.
The ogre hits you with a giant spiked club!!
You hit the ogre. You drain the ogre!
The ogre is lightly wounded.
You block the bat's attack.
The ogre hits you with a giant spiked club!!
Ouch! That really hurt!
You die...

*,,,,,..####.#.####.########....#
*,**,,................,#####..###
*,**...........>###.##.#....†)#
*,**.........##.....<#....###.#
,,*,.........##......#....# #.#
,,,,.........##..##..#....# #.#
,,,,.........##..##..#....# #.#
,,,,.........##..##..#....# #.#
,,,,.........##b@O...#....# #.#
,,,,****#.........#.##....# #.#
,,,,* #...............).###.#
,,,** #.......#...###...÷...#
,,,* #.$.....##..# ######### ****
#..........># #############


You could see an ogre and a bat.

Vanquished Creatures
  Grinder (D:3)
  A giant frog (D:3)
  A scorpion (D:3)
  An orc wizard (D:3)
  A gnoll (D:1)
  4 adders
  An ooze (D:2)
  2 worms
  A dart slug (D:1)
  A giant gecko (D:1)
  4 orcs (D:3)
  A ball python (D:2)
  5 giant cockroaches
  7 goblins
  14 hobgoblins
  7 kobolds
  A quokka (D:3)
  4 bats
  4 giant newts
  4 rats
65 creatures vanquished.

Notes
Turn   | Place    | Note
--------------------------------------------------------------
     0 | D:1      | Heskey the Gargoyle Fighter began the quest for the Orb.
     0 | D:1      | Reached XP level 1. HP: 14/14 MP: 1/1
    93 | D:1      | Reached XP level 2. HP: 17/19 MP: 2/2
   410 | D:1      | Reached XP level 3. HP: 24/24 MP: 3/3
   471 | D:1      | Reached skill level 4 in Fighting
   835 | D:2      | Found a shattered altar of Ashenzari.
  1333 | D:1      | Reached XP level 4. HP: 13/29 MP: 4/4
  1754 | D:2      | Found a deep blue altar of Sif Muna.
  2141 | D:3      | Noticed Grinder
  2176 | D:3      | Reached skill level 5 in Fighting
  2176 | D:3      | Reached XP level 5. HP: 10/35 MP: 5/5
  2181 | D:3      | Killed Grinder
  2181 | D:3      | Reached XP level 6. HP: 12/41 MP: 6/6
  2442 | D:3      | Reached skill level 6 in Fighting
  2533 | D:3      | Reached XP level 7. HP: 47/47 MP: 7/7
  2591 | D:3      | Slain by an ogre

Skill      XL: |  1  2  3  4  5  6 |
---------------+-------------------+-----
Fighting       | 4 5 6 |  6.3
Maces & Flails | 3 4 |  4.1
Armour         | 4 |  4.9
Shields        | |  3.2

Action                   |  1- 3 |  4- 6 |  7- 9 || total
-------------------------+-------+-------+-------++-------
Melee: Flail             |   119 |   105 |       ||   224
       Morningstar       |       |    12 |     5 ||    17
  Use: Potion            |       |     6 |       ||     6
       Scroll            |       |    10 |       ||    10
  Eat: Chunk             |     2 |     3 |     1 ||     6
Armor: Scale mail        |    84 |    62 |       ||   146
       Chain mail        |       |    10 |       ||    10
       Plate armour      |       |       |     7 ||     7
Dodge: Dodged            |    58 |    40 |     4 ||   102
Block: Shield            |    84 |    53 |     4 ||   141
